 Dungeon Crawl Stone Soup version 0.27.0-1-g7a089689b8 (webtiles) character file.

Game seed: 905262281277272189

2 Gwenloh the Vexing (level 1, -1/7 HPs)
             Began as a Felid Enchanter on Aug 6, 2021.
             Succumbed to a kobold's poison
             ... on level 1 of the Dungeon.
             The game lasted 00:00:39 (71 turns).

Gwenloh the Vexing (Felid Enchanter)                  Turns: 71, Time: 00:00:40

Health: -1/7       AC:  1    Str:  4    XL:     1   Next: 25%
Magic:  3/4        EV: 17    Int: 16    God:
Gold:   12         SH:  0    Dex: 16    Spells: 3/4 levels left
                                        Lives:  0   Deaths: 0

rFire    . . .     SeeInvis +     - Unarmed
rCold    . . .     Faith    .   (shield unavailable)
rNeg     . . .     Spirit   .   (armour unavailable)
rPois    .         Reflect  .   (helmet unavailable)
rElec    .         Harm     .   (cloak unavailable)
rCorr    .         Rampage  .   (gloves unavailable)
Will     .....                  (boots unavailable)
Stlth    +++.......             (no amulet)
HPRegen  0.02/turn              (no ring)
MPRegen  0.09/turn              (no ring)

@: lethally poisoned (-1 -> -15), quick
A: very small, claws 1, fangs 3, see invisible, speed 1, shaggy fur 1, stealthy
paws, no weapons or thrown items, no armour, multi-lived
a: no special abilities


You were on level 1 of the Dungeon.
You visited 1 branch of the dungeon, and saw 1 of its levels.

You collected 12 gold pieces.

Inventory:

Scrolls
 a - a scroll of teleportation {unknown}


   Skills:
 + Level 2.7 Dodging
 + Level 4.0 Stealth
 + Level 1.0 Unarmed Combat
 + Level 2.0 Spellcasting
 + Level 4.4 Hexes


You had 3 spell levels left.
You knew the following spells:

 Your Spells              Type           Power      Damage    Failure   Level
a - Corona                Hex            16%        N/A       3%          1

Your spell library contained the following spells:

 Spells                   Type           Power      Damage    Failure   Level
 Confusing Touch          Hex            15%        N/A       10%         3
 Tukima's Dance           Hex            15%        N/A       10%         3
 Ensorcelled Hibernation  Hex/Ice        16%        N/A       13%         2
 Dazzling Flash           Conj/Hex       16%        N/A       26%         3


Dungeon Overview and Level Annotations

Branches:
Dungeon (1/15)

Altars:


Innate Abilities, Weirdness & Mutations

You have sharp claws.
You have razor-sharp teeth.
You have supernaturally acute eyesight. (SInv)
You cover ground quickly. (Speed+)
You are covered in fur. (AC +1)
Your paws help you pounce on unaware monsters.
You are incapable of wielding weapons or throwing items.
You cannot wear armour.
You gain extra lives every three experience levels.


Message History

You see here 27 stones.
A kobold comes into view. It is wielding a +0 dagger.
An endoplasm comes into view.
Found 12 gold pieces.
The helpless kobold fails to defend itself.
You claw the kobold!
You kill the kobold!
Things that are here:
a +0 dagger; a kobold corpse You now have 12 gold pieces.
Things that are here:
a +0 dagger; a kobold corpse The helpless endoplasm fails to defend itself.
You claw the endoplasm!
You kill the endoplasm!
a - a scroll labelled JYVUIZ UDEDEUZU You open the door.
A kobold comes into view.
It is wielding a +0 short sword of venom.
The kobold shouts!
The kobold throws a stone.
The stone closely misses you.
Casting: Corona (safe; 3% risk of failure)
Confirm with . or Enter, or press ? or * to list all spells.
Aiming: Corona (safe; 3% risk of failure)
Press: ? - help, Shift-Dir - straight line, f - kobold
Aim: a kobold, wielding a +0 short sword of venom and quivering stones (chance to affect: 69%)
The kobold is outlined in light.
The kobold throws a stone.
The stone hits you.
You start resting.
A kobold is nearby!
You closely miss the kobold. You bite the kobold, but do no damage.
The kobold misses you.
You scratch the kobold.
The kobold is severely wounded.
The kobold hits you with a +0 short sword of venom.
Ouch! That really hurt!
* * * LOW HITPOINT WARNING * * *
You are lethally poisoned!
You scratch the kobold.
You kill the kobold!
You die...

♣♣♣♣..P.≈≈ .....
#########'#### ....
#............. ...
#.....######## ...
#.....# #.# #.....#
#.# #.....#
####)####.....#
#....@.##.....#
#......##.....#
#..........(..#
#......########
#......#
#......###########
#................##
#..................
#................#


There were no monsters in sight!

Vanquished Creatures
  An endoplasm (D:1)
  2 kobolds (D:1)
3 creatures vanquished.

Notes
Turn   | Place    | Note
-------+----------+-------------------------------------------
     0 | D:1      | Gwenloh the Felid Enchanter began the quest for the Orb.
     0 | D:1      | Reached XP level 1. HP: 7/7 MP: 4/4
    71 | D:1      | Succumbed to a kobold's poison

Illustrated notes

Levels and vault maps discovered:
D:1:      tarquinn_simple_flora_water_c, layout_basic,
          hellmonk_ecumenical_altar_crossroads

Action                   || total
-------------------------++-------
Melee: Unarmed           ||     5
       Bite              ||     1
 Cast: Corona            ||     1
 Stab: Sleeping          ||     2
Dodge: Dodged            ||     2
